[Event "Titled Tuesday Blitz August 16 Early 2022"]
[White "Shukhman, Anna"]
[Black "Mouhamad, Joachim"]
[WhiteFideId "54180058"]
[BlackFideId "656410"]
[WhiteElo "1726"]
[BlackElo "2147"]
[Result "1/2-1/2"]
[Round "07"]
[TimeControl "180+2"]
[Date "2022.08.18"]
[WhiteClock "0:00:00"]
[BlackClock "0:00:00"]

1. e4 c6 2. d4 d5 3. f3 dxe4 4. fxe4 e5 5. Nf3 Bg4 6. Bc4 Nd7 7. O-O Ngf6 8. c3 Bd6 9. Qb3 O-O 10. Bg5 b5 11. Bd3 h6 12. Bxf6 Nxf6 13. Nbd2 Re8 14. Rad1 Qc7 15. h3 Be6 16. Qc2 Nd7 17. Nb3 a5 18. d5 cxd5 19. exd5 Bxd5 20. Bh7+ Kh8 21. Rxd5 Nf6 22. Be4 Nxd5 23. Bxd5 a4 24. Bxa8 axb3 25. Qe4 bxa2 26. Bd5 Qa7+ 27. Kh2 a1=Q 28. Rxa1 Qxa1 29. Bxf7 Rf8 30. Bb3 Qc1 31. Nh4 Qf4+ 32. Qxf4 Rxf4 33. Ng6+ Kh7 34. Nxf4 exf4 35. Kg1 Kg6 36. Bc2+ Kf6 37. Bd3 Bc5+ 38. Kf1 b4 39. cxb4 Bxb4 40. Ke2 Ke5 41. Kf3 h5 42. Bg6 h4 43. Bh5 g5 44. Bg4 Kd4 45. Ke2 Be7 46. b3 Kc3 47. Be6 Kb4 48. Kd3 Bf6 49. Ke4 Bd8 50. Kf5 Kc3 51. Bd7 Kxb3 52. Kg4 Kc3 53. Bc6 Kd2 54. Ba8 Ke3 55. Bf3 Kf2 56. Bc6 Ke3 57. Bf3 Kd4 58. Bb7 Ke5 59. Bf3 Kf6 60. Bb7 Bb6 61. Bf3 Be3 62. Bb7 Bc1 63. Bf3 Ke5 64. Bb7 Bd2 65. Bf3 Kd6 66. Kxg5 Be1 67. Kxf4 Bg3+ 68. Kg4 Ke7 69. Be4 Kf8 1/2-1/2


[Site "https://www.chess.com"]

[Event "Titled Tuesday Blitz August 16 Early 2022"]
[White "Shuvalova, Polina"]
[Black "Sharapov, Evgeny"]
[WhiteFideId "24171760"]
[BlackFideId "14103133"]
[WhiteElo "2330"]
[BlackElo "2367"]
[Result "1-0"]
[Round "07"]
[TimeControl "180+1"]
[Date "2022.08.16"]
[WhiteClock "0:00:26"]
[BlackClock "0:00:28"]

1. Nf3 c5 2. e4 d6 3. d4 cxd4 4. Nxd4 Nf6 5. Nc3 Nc6 6. Bg5 e6 7. Qd2 Be7 8. f4 O-O 9. O-O-O Nxd4 10. Qxd4 Qa5 11. h4 e5 12. Qd2 exf4 13. Kb1 Be6 14. Nd5 Qd8 15. Nxe7+ Qxe7 16. Qxf4 Rad8 17. Be2 h6 18. Rdf1 Rfe8 19. Bd3 hxg5 20. hxg5 Ng4 21. Rh4 Qd7 22. Rfh1 Kf8 23. Be2 Ne5 24. Qf6 Bxa2+ 25. Ka1 gxf6 26. gxf6 1-0


[Site "https://www.chess.com"]

[Event "Titled Tuesday Blitz August 16 Early 2022"]
[White "Simonovic, Miroslav"]
[Black "Alexikov, Alexander"]
[WhiteFideId "919152"]
[BlackFideId "14103958"]
[WhiteElo "2043"]
[BlackElo "2253"]
[Result "1-0"]
[Round "07"]
[TimeControl "180+2"]
[Date "2022.08.18"]
[WhiteClock "0:00:00"]
[BlackClock "0:00:00"]

1. d4 Nf6 2. Bg5 e6 3. e4 h6 4. Bxf6 Qxf6 5. Nf3 d6 6. e5 Qd8 7. Bd3 Nc6 8. O-O g5 9. h3 Bg7 10. Re1 O-O 11. Nc3 f5 12. exf6 Qxf6 13. d5 Ne5 14. Nxe5 Qxf2+ 15. Kh1 Bxe5 16. Qh5 Qf6 17. Rf1 Qg7 18. Rxf8+ Kxf8 19. Rf1+ Ke7 20. Bg6 Bf4 21. g3 e5 22. gxf4 gxf4 23. Rg1 Qf6 24. Qxh6 Bd7 25. Qh7+ Kd8 26. Ne4 1-0


[Site "https://www.chess.com"]

[Event "Titled Tuesday Blitz August 16 Early 2022"]
[White "Siniauski, Artsiom"]
[Black "Koridze, Lile"]
[WhiteFideId "13512269"]
[BlackFideId "13612514"]
[WhiteElo "2139"]
[BlackElo "2050"]
[Result "0-1"]
[Round "07"]
[TimeControl "180+2"]
[Date "2022.08.18"]
[WhiteClock "0:00:00"]
[BlackClock "0:00:00"]

1. e4 c5 2. Nf3 d6 3. c3 Nf6 4. Be2 g6 5. O-O Nc6 6. d4 cxd4 7. cxd4 Bg7 8. Nc3 O-O 9. Re1 a6 10. h3 b5 11. a3 Bb7 12. Bf1 Rc8 13. Bf4 Na5 14. e5 dxe5 15. dxe5 Nd5 16. Nxd5 Bxd5 17. Bg5 Nb3 18. Rb1 Re8 19. Qd3 h6 20. Bh4 g5 21. Bg3 Bxf3 22. Qxb3 Bd5 23. Qb4 Qb6 24. a4 Rc4 25. Bxc4 Bxc4 26. axb5 axb5 27. Ra1 Qb7 28. Qc5 Rc8 29. Ra7 Qxg2+ 30. Kxg2 Rxc5 31. Rxe7 Bd5+ 32. Kh2 Rc2 33. b4 h5 34. h4 Bh6 35. Rg1 Kf8 36. Rd7 Be6 37. Rd8+ Ke7 38. Rd4 g4 39. Ra1 Be3 40. Ra7+ Kf8 41. Rd8+ Kg7 42. Kg1 Bxa7 0-1


[Site "https://www.chess.com"]

[Event "Titled Tuesday Blitz August 16 Early 2022"]
[White "Skawinski, Arkadiusz"]
[Black "Langner, Ladislav"]
[WhiteFideId "1126415"]
[BlackFideId "300403"]
[WhiteElo "2149"]
[BlackElo "2346"]
[Result "1-0"]
[Round "07"]
[TimeControl "180+2"]
[Date "2022.08.18"]
[WhiteClock "0:00:00"]
[BlackClock "0:00:00"]

1. e4 c5 2. Nf3 e6 3. c3 Nf6 4. e5 Nd5 5. d4 cxd4 6. cxd4 d6 7. Bc4 Nc6 8. Qe2 dxe5 9. dxe5 Bb4+ 10. Bd2 Nf4 11. Qe4 Nd5 12. O-O Qa5 13. a3 Bxd2 14. Nbxd2 Nce7 15. Qg4 Nf5 16. Ne4 Bd7 17. b4 Qd8 18. Bxd5 exd5 19. Nc5 b6 20. Nxd7 Qxd7 21. Rfd1 Rd8 22. Nd4 Nxd4 23. Qxg7 Nf3+ 24. gxf3 Ke7 25. Qf6+ Ke8 26. Qxh8+ Ke7 27. Qf6+ Kf8 28. e6 Qd6 29. Qxf7# 1-0


[Site "https://www.chess.com"]

[Event "Titled Tuesday Blitz August 16 Early 2022"]
[White "Sultana, Sharmin Shirin"]
[Black "Vysochin, Spartak"]
[WhiteFideId "10204482"]
[BlackFideId "14103516"]
[WhiteElo "1987"]
[BlackElo "2355"]
[Result "0-1"]
[Round "07"]
[TimeControl "180+2"]
[Date "2022.08.18"]
[WhiteClock "0:00:00"]
[BlackClock "0:00:00"]

1. d4 d5 2. c4 e6 3. Nc3 Nf6 4. cxd5 exd5 5. Bg5 c6 6. e3 Be7 7. Bd3 O-O 8. Qc2 h6 9. Bh4 Be6 10. Nf3 Nbd7 11. O-O Rc8 12. Ne5 c5 13. f4 c4 14. Be2 a6 15. f5 Nxe5 16. dxe5 Nd7 17. fxe6 Bxh4 18. exd7 Qxd7 19. Rad1 Rc5 20. Qf5 Qxf5 21. Rxf5 Bg5 22. Kf2 Rd8 23. Bf3 g6 24. Rxg5 hxg5 25. Nxd5 Kf8 26. Nf6 Rxd1 27. Bxd1 Ke7 28. Ng4 Rb5 29. b3 c3 30. e4 Rc5 31. Ne3 Rxe5 32. Nd5+ Kd6 33. Nxc3 b5 34. Ke3 Rc5 35. Ne2 Ke5 36. b4 Rc4 37. Bb3 Rxb4 38. Ng3 a5 39. Bxf7 Kf6 40. Bd5 a4 41. Ne2 Rb2 42. g3 b4 43. h3 b3 44. axb3 axb3 45. Nd4 Rh2 46. Nxb3 Rxh3 47. Kf3 Rh1 48. Nd2 Rd1 49. Nc4 Rd3+ 50. Ne3 Ra3 51. Ke2 Ra1 52. Ng4+ Kg7 53. Kf3 Ra3+ 54. Ne3 Kf6 55. Ke2 Ke5 56. Ng4+ Kd4 57. Kf2 Ra1 58. Nf6 Ke5 59. Ng4+ Kd4 60. Nf6 Ra5 61. Ng4 Kd3 0-1


[Site "https://www.chess.com"]

[Event "Titled Tuesday Blitz August 16 Early 2022"]
[White "Tanenbaum, Zachary"]
[Black "Mendez Fortes, Eduardo Jesus"]
[WhiteFideId "2060850"]
[BlackFideId "3502376"]
[WhiteElo "2175"]
[BlackElo "2307"]
[Result "1/2-1/2"]
[Round "07"]
[TimeControl "180+1"]
[Date "2022.08.16"]
[WhiteClock "0:00:07"]
[BlackClock "0:00:12"]

1. e4 e5 2. Nf3 Nc6 3. Bc4 Nf6 4. d3 Bc5 5. c3 d6 6. Nbd2 O-O 7. a4 a6 8. Nf1 Ba7 9. Ng3 Ne7 10. O-O Ng6 11. Be3 c6 12. Bxa7 Rxa7 13. Re1 b6 14. Qd2 Bg4 15. Qe3 d5 16. Bb3 Re7 17. h3 Bc8 18. Nf5 Ree8 19. a5 c5 20. axb6 Qxb6 21. Ba4 Rd8 22. b4 d4 23. bxc5 dxe3 24. cxb6 exf2+ 25. Kxf2 Rxd3 26. Re3 Nxe4+ 27. Rxe4 Bxf5 28. Rc4 Rdd8 29. Bc6 Be6 30. Rc5 Nf4 31. Be4 f5 32. Bc2 e4 33. Nd4 Bc8 34. g3 Nxh3+ 35. Ke3 Ng5 36. Kf4 Nf7 37. b7 Bxb7 38. Ne6 g5+ 39. Ke3 Rc8 40. Rxf5 Rxc3+ 41. Kd2 Rfc8 42. Ba4 e3+ 43. Ke2 Be4 44. Ra5 Bd3+ 45. Kxe3 Bc4+ 46. Kd2 Bxe6 47. Rxa6 Bf5 48. Ra5 Rd3+ 49. Ke2 Bg6 50. Bb5 Rxg3 51. Ra7 Rc2+ 52. Kf1 Rh3 53. Kg1 Rhc3 54. Bf1 Rc1 55. Rxc1 Rxc1 56. Ra8+ Kg7 57. Ra3 Rc5 58. Rg3 Re5 59. Rg2 h6 60. Rf2 Bh5 61. Bg2 Re1+ 62. Kh2 Re2 63. Rf1 Bg6 64. Kg1 Bh5 65. Bd5 Bg6 66. Bg2 Re3 67. Kf2 Re5 68. Kg1 Rf5 69. Re1 h5 70. Re2 Rf6 71. Re1 g4 72. Kh2 h4 73. Bd5 Ng5 74. Kg2 Kh6 75. Re7 Nf3 76. Be4 Bxe4 77. Rxe4 Kg5 78. Rc4 Rf5 79. Rc6 Re5 80. Rc8 Re2+ 81. Kf1 Ra2 82. Rg8+ Kf4 83. Rxg4+ Kf5 84. Rf4+ Kg5 85. Rxf3 Kg4 86. Rc3 Ra4 87. Kg2 Rf4 88. Rb3 Re4 89. Rb2 Rf4 90. Rc2 Ra4 91. Rb2 Kh5 92. Rb5+ Kg4 93. Rb2 Rc4 94. Ra2 Rd4 95. Rb2 Re4 96. Ra2 Rb4 97. Rc2 Kf4 98. Rf2+ Ke3 99. Ra2 Kf4 100. Rf2+ Kg4 101. Rc2 h3+ 102. Kh2 Kh4 103. Rd2 Rg4 104. Rc2 Rf4 105. Rb2 Kg4 106. Rc2 Re4 107. Rb2 Kf3 108. Rb3+ Re3 109. Rxe3+ Kxe3 110. Kxh3 1/2-1/2


[Site "https://www.chess.com"]

[Event "Titled Tuesday Blitz August 16 Early 2022"]
[White "Tarasova, Viktoriya"]
[Black "Pham, Le Thao Nguyen"]
[WhiteFideId "4175840"]
[BlackFideId "12401226"]
[WhiteElo "2182"]
[BlackElo "2282"]
[Result "0-1"]
[Round "07"]
[TimeControl "180+2"]
[Date "2022.08.18"]
[WhiteClock "0:00:00"]
[BlackClock "0:00:00"]

1. d4 Nf6 2. c4 c6 3. Nc3 d5 4. Nf3 dxc4 5. e3 b5 6. a4 b4 7. Nb1 e6 8. Bxc4 Be7 9. O-O O-O 10. Nbd2 c5 11. b3 Bb7 12. Bb2 Nbd7 13. Qe2 a5 14. Rfd1 Qb6 15. Rac1 Rfd8 16. Bb5 cxd4 17. Bxd4 Bc5 18. Nc4 Qa7 19. Nd6 Bxf3 20. Qxf3 Bxd4 21. Rxd4 Nc5 22. Qd1 e5 23. Rd2 g6 24. Bc4 Rf8 25. Qf3 Kg7 26. Rcd1 Qe7 27. h3 h5 28. Qc6 Ne6 29. Nb5 Rac8 30. Qf3 Ng5 31. Qe2 Nge4 32. Rd3 Nc5 33. R3d2 Nfe4 34. Rc2 Rfd8 35. Rxd8 Rxd8 36. Kh2 Nd6 37. Nxd6 Qxd6 38. Bb5 e4+ 39. g3 Nd3 40. Kg2 Ne5 41. Qe1 Nf3 42. Qa1+ Kg8 43. Qc1 Qd1 44. Qxd1 Rxd1 45. Rc8+ Kg7 46. Ra8 Rg1# 0-1


[Site "https://www.chess.com"]

[Event "Titled Tuesday Blitz August 16 Early 2022"]
[White "Tasev, Dejan"]
[Black "Papayan, Oleg"]
[WhiteFideId "936618"]
[BlackFideId "4193911"]
[WhiteElo "2253"]
[BlackElo "2038"]
[Result "0-1"]
[Round "07"]
[TimeControl "180+2"]
[Date "2022.08.18"]
[WhiteClock "0:00:00"]
[BlackClock "0:00:00"]

1. e4 e5 2. Nf3 Nc6 3. Bc4 Bc5 4. b4 Bxb4 5. c3 Ba5 6. d4 d6 7. h3 Nf6 8. O-O O-O 9. Re1 exd4 10. Bg5 h6 11. Bh4 dxc3 12. Re3 Ne5 13. Be2 g5 14. Nxg5 hxg5 15. Bxg5 Bb6 16. Nxc3 Bxe3 17. fxe3 Be6 18. Qf1 Ned7 19. Qf4 Kg7 20. Rf1 Rh8 21. Bd1 Qe7 22. Bb3 c6 23. h4 Bxb3 24. axb3 Qe5 25. Qxe5 dxe5 26. Ne2 Nxe4 27. Be7 f6 28. Ba3 Kf7 29. Bb2 Ke6 30. Nc1 Rxh4 31. Nd3 Rah8 0-1


[Site "https://www.chess.com"]

[Event "Titled Tuesday Blitz August 16 Early 2022"]
[White "Taspinar, Yanki"]
[Black "Shashikant, Kutwal"]
[WhiteFideId "34561188"]
[BlackFideId "5006520"]
[WhiteElo "1549"]
[BlackElo "2321"]
[Result "1-0"]
[Round "07"]
[TimeControl "180+2"]
[Date "2022.08.18"]
[WhiteClock "0:00:00"]
[BlackClock "0:00:00"]

1. Nf3 Nf6 2. g3 d5 3. Bg2 Bf5 4. O-O e6 5. d4 h6 6. c4 c6 7. b3 Nbd7 8. Bb2 Be7 9. Nbd2 O-O 10. Ne5 a5 11. a3 Rc8 12. Re1 Bh7 13. e4 Nxe5 14. dxe5 Nxe4 15. Nxe4 dxe4 16. Bxe4 Qxd1 17. Bxh7+ Kxh7 18. Raxd1 Rfd8 19. f4 Kg6 20. Kf2 Kf5 21. Kf3 h5 22. h3 g5 23. fxg5 Bxg5 24. Bc3 Rxd1 25. Rxd1 Rd8 26. Rd6 Be7 27. g4+ hxg4+ 28. hxg4+ Kg6 29. Rxd8 Bxd8 30. Bd2 Bc7 31. Ke4 b6 32. a4 c5 33. Be3 Bd8 34. Bf2 Bg5 35. Bg3 Bd8 36. Kf3 Bg5 37. Be1 Bc1 38. Bh4 Bg5 39. Bf2 Be7 40. Be1 Bd8 41. Bd2 Bc7 42. Kf4 Bd8 43. Be1 Bg5+ 44. Ke4 Bd8 45. Bf2 Kg5 46. Kf3 Bc7 47. Be3+ Kh4 48. Bf4 Bb8 49. Bh2 Bc7 50. Bf4 Bb8 51. Bg3+ Kh3 52. Bf4 Bc7 53. Bg3 Bb8 54. g5 Bc7 55. Kf4 Bb8 56. Bf2 Kg2 57. Be1 Kf1 58. Bg3 Ke2 59. g6 fxg6 60. Kg5 Kd3 61. Kf6 Kc2 62. Kxe6 Kxb3 63. Kd7 Kxc4 64. e6 Bxg3 65. e7 Kb4 66. e8=Q Kxa4 67. Qe4+ Kb3 68. Qd3+ Kb4 69. Qxg3 c4 70. Kc6 b5 71. Qe1+ Ka4 72. Kc5 g5 73. Qa1+ Kb3 74. Qb1+ Ka3 75. Kxb5 c3 76. Kc4 g4 77. Qb3# 1-0


[Site "https://www.chess.com"]

[Event "Titled Tuesday Blitz August 16 Early 2022"]
[White "Terry, Renato"]
[Black "Zhigalko, Sergei"]
[WhiteFideId "3803457"]
[BlackFideId "13502956"]
[WhiteElo "2577"]
[BlackElo "2662"]
[Result "0-1"]
[Round "07"]
[TimeControl "180+1"]
[Date "2022.08.16"]
[WhiteClock "0:00:01"]
[BlackClock "0:00:05"]

1. d4 Nf6 2. Nf3 e6 3. c4 b6 4. g3 Ba6 5. Qa4 Bb7 6. Bg2 c5 7. dxc5 bxc5 8. O-O Be7 9. Nc3 O-O 10. Rd1 Qb6 11. Bf4 Rd8 12. Qb5 d6 13. Rd2 Qc7 14. Rad1 a6 15. Qa4 Nc6 16. h3 Rd7 17. g4 h6 18. e3 Rad8 19. Qc2 Qb6 20. Qb1 Nb4 21. b3 Qa7 22. Ne1 Bxg2 23. Nxg2 Qb7 24. e4 Nc6 25. Be3 Ne5 26. Ne1 Ne8 27. f4 Nc6 28. Ne2 Nf6 29. Ng3 Nd4 30. Bxd4 cxd4 31. Re2 Rc8 32. Nd3 Bd8 33. e5 Ne8 34. Rf1 Be7 35. f5 d5 36. cxd5 Qxd5 37. Nh5 Rc3 38. Qd1 Bg5 39. h4 Be3+ 40. Kh2 Qe4 41. Nhf4 exf5 42. gxf5 Qxf5 43. e6 fxe6 44. Ne1 Bxf4+ 45. Kg1 e5 46. Ng2 Nf6 47. Ref2 Qg4 48. Qe1 Rdc7 49. Rxf4 exf4 50. Rxf4 Qg3 51. Qe6+ Kh8 52. Rxf6 Rc1+ 53. Rf1 Rxf1+ 54. Kxf1 Rc1+ 55. Ne1 Qf4+ 56. Ke2 Qe3+ 57. Qxe3 dxe3 58. a4 Rb1 59. Nd3 Rxb3 60. Nc5 Ra3 61. h5 a5 62. Kf3 Kg8 0-1


[Site "https://www.chess.com"]

[Event "Titled Tuesday Blitz August 16 Early 2022"]
[White "Tica, Sven"]
[Black "Omariev, Maksim"]
[WhiteFideId "14526948"]
[BlackFideId "4193423"]
[WhiteElo "2350"]
[BlackElo "2304"]
[Result "1-0"]
[Round "07"]
[TimeControl "180+2"]
[Date "2022.08.18"]
[WhiteClock "0:00:00"]
[BlackClock "0:00:00"]

1. e4 c5 2. Nc3 d6 3. f4 Nc6 4. Nf3 g6 5. Bc4 Bg7 6. d3 e6 7. O-O Nge7 8. f5 gxf5 9. Bg5 Qd7 10. Qe1 h6 11. Be3 d5 12. exd5 exd5 13. Nxd5 Nxd5 14. Bxd5 Qxd5 15. Bxh6+ Kf8 16. Bxg7+ Kxg7 17. Qg3+ Kf8 18. Rae1 Be6 19. Ng5 Re8 20. Qc7 Qd4+ 21. Kh1 Qh4 22. Rxe6 Qxg5 23. Rxe8+ Kxe8 24. Qxb7 Qf6 25. Qc8+ Nd8 26. Qxc5 Ne6 27. Qc8+ Ke7 28. Qb7+ Kf8 29. Qb8+ Kg7 30. Qg3+ Kf8 31. h3 f4 32. Qf3 Qxb2 33. Re1 Qxa2 34. c3 Qd2 35. Ra1 Qxc3 36. Rxa7 Qe1+ 37. Kh2 Qg3+ 38. Qxg3 fxg3+ 39. Kxg3 Rh5 40. h4 Rd5 41. Kh3 Rxd3+ 42. g3 Kg7 43. Kg4 Rd4+ 44. Kf5 Rd3 45. Kg4 Nd4 46. Rd7 Kg6 47. h5+ Kg7 48. Rd5 1-0


[Site "https://www.chess.com"]

[Event "Titled Tuesday Blitz August 16 Early 2022"]
[White "Timofeev, Artyom"]
[Black "Dubov, Daniil"]
[WhiteFideId "4140419"]
[BlackFideId "24126055"]
[WhiteElo "2578"]
[BlackElo "2791"]
[Result "1-0"]
[Round "07"]
[TimeControl "180+1"]
[Date "2022.08.16"]
[WhiteClock "0:00:10"]
[BlackClock "0:00:04"]

1. e4 c6 2. Nf3 d5 3. d3 Qc7 4. Nc3 dxe4 5. dxe4 e5 6. Bc4 b5 7. Bb3 Bc5 8. Ng5 Nh6 9. h3 a5 10. a3 Ba6 11. O-O b4 12. axb4 axb4 13. Nb1 O-O 14. Ra2 Qb6 15. Qf3 Bxf1 16. Rxa8 Ba6 17. Be3 Bxe3 18. Qxe3 c5 19. Nd2 Bb7 20. Nc4 Qc7 21. Ra5 Nd7 22. Ra1 Kh8 23. Rd1 Ba6 24. Qd2 Nb6 25. Nxb6 Qxb6 26. Qd6 Qxd6 27. Rxd6 c4 28. Rxa6 cxb3 29. cxb3 Rc8 30. Rb6 f6 31. Ne6 Rc1+ 32. Kh2 Rc2 33. Rb8+ Ng8 34. Kg3 Rxb2 35. Rxb4 h5 36. Rb7 Nh6 37. Nxg7 h4+ 38. Kf3 Rc2 39. Nh5 Rc3+ 40. Ke2 Ng8 41. Kd2 Rc6 42. b4 Rc4 43. f3 Rd4+ 44. Kc3 Rd1 45. b5 Rc1+ 46. Kb4 Rb1+ 47. Kc5 Rc1+ 48. Kd5 Rd1+ 49. Ke6 Rd2 50. b6 Rxg2 51. Rc7 Rg5 52. b7 Rxh5 53. b8=Q Rg5 54. Qf8 Rg3 55. Qf7 1-0


[Site "https://www.chess.com"]

[Event "Titled Tuesday Blitz August 16 Early 2022"]
[White "Tologon tegin, Semetei"]
[Black "Veiga, Jose Francisco R P Neves"]
[WhiteFideId "13800574"]
[BlackFideId "1930087"]
[WhiteElo "2374"]
[BlackElo "2378"]
[Result "1-0"]
[Round "07"]
[TimeControl "180+2"]
[Date "2022.08.18"]
[WhiteClock "0:00:00"]
[BlackClock "0:00:00"]

1. g3 d5 2. Bg2 Nf6 3. d3 g6 4. Nd2 Bg7 5. e4 dxe4 6. dxe4 O-O 7. Ngf3 c5 8. O-O Nc6 9. Qe2 Bg4 10. c3 Nd7 11. h3 Bxf3 12. Nxf3 Nde5 13. Be3 Qd3 14. Rfe1 c4 15. Nxe5 Nxe5 16. f4 Qxe2 17. Rxe2 Nd3 18. e5 Rfd8 19. Bxb7 Rab8 20. Ba6 Rxb2 21. Rxb2 Nxb2 22. Rb1 Rd1+ 23. Rxd1 Nxd1 24. Bd4 Nb2 25. Bxa7 f6 26. Bd4 Kf7 27. exf6 exf6 28. Bb5 f5 29. Bxg7 Kxg7 30. a4 Nd1 31. a5 Nxc3 32. Bxc4 Na4 33. a6 Nb6 34. a7 1-0


[Site "https://www.chess.com"]

[Event "Titled Tuesday Blitz August 16 Early 2022"]
[White "Turzo, Attila"]
[Black "Pinheiro, Iung Alicio de O."]
[WhiteFideId "704954"]
[BlackFideId "2104350"]
[WhiteElo "2298"]
[BlackElo "2283"]
[Result "0-1"]
[Round "07"]
[TimeControl "180+2"]
[Date "2022.08.18"]
[WhiteClock "0:00:00"]
[BlackClock "0:00:00"]

1. e4 c5 2. Nf3 Nc6 3. Bb5 e6 4. O-O Nge7 5. d4 cxd4 6. Nxd4 Qb6 7. Nxc6 bxc6 8. Bd3 e5 9. c4 Ng6 10. Nc3 Qc7 11. Be3 Rb8 12. Rb1 a5 13. b3 Be7 14. c5 O-O 15. a3 d6 16. b4 dxc5 17. bxc5 Be6 18. Qa4 Nf4 19. Bc4 Bg4 20. f3 Be6 21. Rb6 Rbd8 22. Rxc6 Qb7 23. Rb1 Qa8 24. Bxe6 Nxe6 25. Nd5 Rfe8 26. Rxe6 fxe6 27. Nc7 Qc8 28. Nxe8 Rxe8 29. Qxa5 Rd8 30. Qa7 Bf8 31. a4 Rd3 32. Bf2 Qd8 33. Qb6 Rd1+ 34. Be1 Qd4+ 35. Kh1 Qd3 36. h3 Rxb1 37. Qxe6+ Kh8 38. Qf7 Rxe1+ 39. Kh2 Qd8 40. c6 Qf6 41. Qxf6 gxf6 42. a5 Rc1 43. a6 Rxc6 44. a7 Ra6 45. a8=Q Rxa8 0-1


[Site "https://www.chess.com"]

[Event "Titled Tuesday Blitz August 16 Early 2022"]
[White "Vakhlamov, Igor L."]
[Black "Aldokhin, Ivan"]
[WhiteFideId "24126748"]
[BlackFideId "24115720"]
[WhiteElo "2401"]
[BlackElo "2246"]
[Result "1-0"]
[Round "07"]
[TimeControl "180+1"]
[Date "2022.08.16"]
[WhiteClock "0:00:12"]
[BlackClock "0:00:05"]

1. e4 c5 2. Nf3 e6 3. Nc3 a6 4. d4 cxd4 5. Qxd4 Nc6 6. Qe3 Bb4 7. Bd2 Nge7 8. a3 Ba5 9. Bd3 d5 10. exd5 exd5 11. Qg5 O-O 12. O-O d4 13. Qh5 h6 14. Bxh6 gxh6 15. Qxh6 Nf5 16. Qh5 Qf6 17. Nd5 Qg6 18. Qh3 Nfe7 19. Nxe7+ Nxe7 20. Qh4 Nf5 21. Qf4 Qh6 22. Qe5 Qg7 23. Qxa5 Nh6 24. Rfe1 Bh3 25. Qg5 Bg4 26. Qxg7+ Kxg7 27. Nxd4 Kf6 28. Nb3 Rfd8 29. Nc5 b6 30. Ne4+ Kg7 31. Ng3 Kf6 32. h3 Be6 33. Nh5+ Kg5 34. Ng3 Rac8 35. Re5+ Kf6 36. Rae1 Kg7 37. Nh5+ Kf8 38. Nf4 Bd7 39. Rh5 Ng8 40. Rg5 Nf6 41. Nd5 Nxd5 42. Rxd5 a5 43. Rd1 Be6 44. Rxd8+ Rxd8 45. Re1 Rc8 46. Re5 Rd8 47. h4 Kg7 48. f3 Kf6 49. Re2 Rd4 50. g3 Rd6 51. Kf2 Rd8 52. g4 Bd5 53. g5+ Kg7 54. h5 Rd7 55. h6+ Kg8 56. Re8# 1-0


[Site "https://www.chess.com"]

[Event "Titled Tuesday Blitz August 16 Early 2022"]
[White "Vidonyak, Roman"]
[Black "Barria Zuniga, Daniel"]
[WhiteFideId "14100622"]
[BlackFideId "3400816"]
[WhiteElo "2442"]
[BlackElo "2414"]
[Result "0-1"]
[Round "07"]
[TimeControl "180+2"]
[Date "2022.08.18"]
[WhiteClock "0:00:00"]
[BlackClock "0:00:00"]

1. d4 g6 2. c4 Bg7 3. e4 c5 4. d5 d6 5. h4 Nf6 6. Nc3 e6 7. Nf3 exd5 8. exd5 O-O 9. Be2 Bf5 10. h5 Nxh5 11. Ng5 Nf6 12. g4 Bc8 13. Nce4 Nxe4 14. Nxe4 f5 15. Bg5 Qa5+ 16. Nc3 fxg4 17. Bd2 Nd7 18. Ne4 Qb6 19. Ng5 Ne5 20. Nxh7 Nf3+ 21. Bxf3 Rxf3 22. Ng5 Rf8 23. Rh7 Qxb2 24. Rb1 Qe5+ 25. Kf1 g3 26. f3 b6 27. Kg2 Bf5 28. Rc1 Rae8 29. Bc3 Qe2+ 30. Qxe2 Rxe2+ 31. Kxg3 Bxc3 32. Rxc3 Rfe8 33. Rxa7 R2e7 34. Ra6 Rb8 35. Rb3 Reb7 36. a4 Kf8 37. Rb2 Ke7 38. Kf4 Kd7 39. Nh7 Bd3 40. Nf6+ Ke7 41. Kg5 Bxc4 42. Rb5 Bxb5 43. axb5 c4 44. Ne4 Rc7 45. Ra3 Rf8 46. Kg4 Rf5 47. Nc3 Kf6 48. Ra8 Ke5 49. Re8+ Kd4 50. Ne2+ Kxd5 51. Nc3+ Kd4 52. Ne2+ Kc5 53. Nc3 d5 54. Ne2 Kxb5 55. Nd4+ Kc5 56. Nxf5 gxf5+ 57. Kxf5 c3 58. Re1 Kc4 59. Ke5 Re7+ 0-1


[Site "https://www.chess.com"]

[Event "Titled Tuesday Blitz August 16 Early 2022"]
[White "Voege, Tobias"]
[Black "Fier, Alexandr"]
[WhiteFideId "1270513"]
[BlackFideId "2107139"]
[WhiteElo "2360"]
[BlackElo "2598"]
[Result "1/2-1/2"]
[Round "07"]
[TimeControl "180+2"]
[Date "2022.08.18"]
[WhiteClock "0:00:00"]
[BlackClock "0:00:00"]

1. d4 Nf6 2. c4 c5 3. d5 e6 4. Nc3 exd5 5. cxd5 d6 6. e4 g6 7. f4 Bg7 8. Bb5+ Nbd7 9. e5 dxe5 10. fxe5 Nh5 11. Nf3 O-O 12. e6 Ndf6 13. exf7+ Rxf7 14. O-O Bg4 15. d6 Rf8 16. Bc4+ Kh8 17. Be3 Nd7 18. h3 Bxf3 19. Rxf3 Rxf3 20. Qxf3 Ne5 21. Qd5 Nxc4 22. Qxc4 Qxd6 23. Qxc5 Qe6 24. Bd4 Rd8 25. Bxg7+ Nxg7 26. Rf1 Nf5 27. Qxa7 Rd2 28. Qb8+ Kg7 29. Qxb7+ Kh6 30. Qf3 Rxb2 31. Qf4+ Kg7 32. Qc7+ Kh6 33. Qf4+ Kg7 34. Qc7+ Ne7 35. Nd5 Rxg2+ 36. Kxg2 Qxd5+ 37. Rf3 Qxa2+ 38. Kg3 Qe6 39. Qc3+ Kg8 40. Kf2 Qb6+ 41. Qe3 Qb2+ 42. Kf1 Nf5 43. Qf2 Qb1+ 44. Kg2 Qe4 45. Kh2 Kg7 46. Qb2+ Kh6 47. Qd2+ Kh5 48. Qf2 Qe5+ 49. Kg1 Nd4 50. Re3 Qg5+ 51. Kh2 Nf5 52. Rf3 Qf6 53. Rf4 Qe5 54. Kg1 Kg5 55. Rg4+ Kh6 56. Qf4+ Qxf4 57. Rxf4 Kg5 58. Rg4+ Kf6 59. Kf2 Ng7 60. Ra4 Ne6 61. Ra6 Kf5 62. Kg3 h5 63. Ra5+ Kf6 64. h4 Nd4 65. Ra6+ Kf5 66. Ra5+ Kf6 67. Kf4 Ne6+ 68. Ke3 Ng7 69. Ra6+ Kf5 70. Ra5+ Kf6 71. Kf4 Ne6+ 72. Ke4 Ng7 73. Rb5 Nf5 74. Rb6+ Kg7 75. Kf4 Nxh4 76. Kg5 Nf3+ 77. Kf4 Nd4 78. Kg5 Nf3+ 79. Kf4 Ng1 80. Kg5 Nh3+ 81. Kh4 Nf2 82. Kg5 Ne4+ 83. Kf4 Nf6 84. Kg5 Nh7+ 85. Kf4 Kh6 86. Rc6 Ng5 87. Ra6 Nf7 88. Rb6 Ng5 89. Ra6 Nh3+ 90. Kg3 Ng5 91. Kf4 1/2-1/2


[Site "https://www.chess.com"]

[Event "Titled Tuesday Blitz August 16 Early 2022"]
[White "Volkov, Maksim"]
[Black "Przybylski, Wojciech"]
[WhiteFideId "54123070"]
[BlackFideId "1117599"]
[WhiteElo "2155"]
[BlackElo "2133"]
[Result "0-1"]
[Round "07"]
[TimeControl "180+2"]
[Date "2022.08.18"]
[WhiteClock "0:00:00"]
[BlackClock "0:00:00"]

1. d4 d5 2. c4 c6 3. Nf3 Nf6 4. g3 e6 5. Bg2 Nbd7 6. O-O dxc4 7. Qc2 Nb6 8. Nbd2 Be7 9. Nxc4 Nxc4 10. Qxc4 O-O 11. b3 a5 12. Bb2 a4 13. bxa4 Qa5 14. Ne5 Qxa4 15. Rfb1 Nd7 16. Qxa4 Rxa4 17. Nd3 f6 18. e3 Kf7 19. Bf3 Bd6 20. Bd1 Ra7 21. a4 Ke7 22. Ba3 e5 23. dxe5 Nxe5 24. Bxd6+ Kxd6 25. Nf4 Bf5 26. Rb2 g5 27. Rd2+ Ke7 28. Nh5 Be4 29. g4 Nf3+ 30. Bxf3 Bxf3 31. h3 f5 32. Rd4 c5 33. Rc4 b6 34. Ng3 fxg4 35. hxg4 Rd8 36. Rb1 Ra6 37. Kh2 Rd2 38. Nf5+ Kf6 39. Kg3 Bd5 40. Rc3 c4 41. Rb5 h5 42. Nd4 h4+ 43. Kh3 Be4 44. f3 Bd3 45. f4 gxf4 46. Nf3 Bf1+ 47. Kxh4 fxe3 48. Nxd2 exd2 49. Rd5 Bd3 50. Rcxd3 cxd3 51. Rxd3 Rxa4 52. Rxd2 Ke5 53. Rb2 Ra6 54. g5 Ra1 55. Rxb6 Rh1+ 56. Kg4 Rg1+ 57. Kh5 Kf5 58. Rf6+ Ke5 59. Rf2 Ke6 60. Kh6 Ke7 61. g6 Rh1+ 62. Kg7 Rh3 63. Kg8 Rh2 64. g7 Rxf2 65. Kh8 Rh2+ 66. Kg8 Rg2 67. Kh8 Rh2+ 68. Kg8 Kf6 69. Kf8 Ra2 70. g8=Q Ra8# 0-1


[Site "https://www.chess.com"]

[Event "Titled Tuesday Blitz August 16 Early 2022"]
[White "Vovk, Orest"]
[Black "Atakhan, Abtin"]
[WhiteFideId "14113490"]
[BlackFideId "22502203"]
[WhiteElo "2203"]
[BlackElo "2087"]
[Result "1/2-1/2"]
[Round "07"]
[TimeControl "180+1"]
[Date "2022.08.16"]
[WhiteClock "0:00:14"]
[BlackClock "0:00:02"]

1. h4 d5 2. h5 h6 3. e4 dxe4 4. Nc3 Nf6 5. Qe2 Nbd7 6. Nxe4 Nxe4 7. Qxe4 Nf6 8. Qd3 Qxd3 9. Bxd3 Bg4 10. Be2 Bf5 11. d3 e5 12. Bd2 O-O-O 13. O-O-O Bc5 14. Be3 Bd4 15. Nf3 Rhe8 16. Rdf1 Ng4 17. Bxd4 exd4 18. Kd2 Be6 19. Nh4 Nf6 20. Bf3 Bd5 21. Rh3 Re5 22. Bd1 Bc6 23. f4 Rb5 24. b3 Ra5 25. a4 Bd7 26. Rg3 Nxh5 27. Bxh5 Rxh5 28. Nf3 g6 29. Nxd4 Bxa4 30. Ne6 fxe6 31. bxa4 Rg8 32. Re1 Kd7 33. Rge3 Re8 34. Rg3 Rg8 35. Rge3 Re8 36. Rg3 Rg8 1/2-1/2


[Site "https://www.chess.com"]